 Dungeon Crawl Stone Soup version 0.23.2-1-ga50397a (webtiles) character file.

Game seed: 1577737404834824055

309 HASTUR3 the Skirmisher (level 6, 0/52 HPs)
             Began as a Demonspawn Chaos Knight on May 25, 2019.
             Was a Plaything of Xom.
             Succumbed to a worker ant's poison
             ... on level 3 of the Dungeon.
             The game lasted 00:09:43 (2939 turns).

HASTUR3 the Skirmisher (Demonspawn Chaos Knight)    Turns: 2939, Time: 00:09:44

Health: 0/52       AC:  7    Str: 12 (13) XL:     6   Next: 17%
Magic:  6/6        EV: 15    Int: 14 (16) God:    Xom [.*....]
Gold:   1970       SH:  0    Dex: 16 (18) Spells: 5/5 levels left

rFire    + . .     SeeInvis .     - Unarmed
rCold    + + +     Gourm    .   (no shield)
rNeg     . . .     Faith    .   p - +1 scale mail {rC+}
rPois    +         Spirit   .   (helmet restricted)
rElec    +         Reflect  .   (no cloak)
rCorr    +         Harm     .   (no gloves)
MR       .....                  (no boots)
Stlth    +.........             (no amulet)
HPRegen  0.17/turn              (no ring)
MPRegen  0.10/turn              (no ring)

@: agile, lethally poisoned (0 -> -8), resistant
A: antennae 2, hooves 1, clever 1, cold resistance 1, robust 1, spiny 2
a: Renounce Religion


You were on level 3 of the Dungeon.
You worshipped Xom.
You were a plaything of Xom.
You were hungry.

You visited 1 branch of the dungeon, and saw 4 of its levels.

You collected 1970 gold pieces.

Inventory:

Armour
 p - a +1 scale mail of cold resistance (worn)
Jewellery
 k - a +3 ring of protection {unknown}
Wands
 a - a wand of flame (12)
Scrolls
 e - a scroll of enchant armour {unknown}
 f - 3 scrolls of teleportation
 g - 2 scrolls of remove curse
 l - a scroll of amnesia {unknown}
 m - a scroll of identify {unknown}
 r - a scroll of fear {unknown}
Potions
 h - a potion of berserk rage
 i - 4 potions of flight
 q - a potion of curing {unknown}
 s - a potion of haste {unknown}
Comestibles
 b - 4 rations


   Skills:
 + Level 4.3 Fighting
 + Level 3.2 Armour
 + Level 2.8 Dodging
 + Level 3.9 Unarmed Combat


You had 5 spell levels left.
You didn't know any spells.
Your spell library was empty.

Dungeon Overview and Level Annotations

Branches:
Dungeon (4/15)
 Temple: D:4-7

Altars:


Innate Abilities, Weirdness & Mutations

You have a pair of antennae on your head.
You have large cloven feet.
You are mostly covered in sharp spines.
Your mind is acute. (Int +2)
Your flesh is cold resistant. (rC+)
You are robust. (+10% HP)


Message History

The worker ant bites you but does no damage.
It was a potion of mutation.
You feel extremely strange.
Your thinking seems confused.
Your rate of healing slows.
You feel robust.
You feel resistant to cold.
* * * LOW HITPOINT WARNING * * *
You feel sick.
The worker ant is struck by your spines.
You kill the worker ant!
* * * LOW HITPOINT WARNING * * *
You feel sick.
You see here a worker ant corpse.
It was a potion of resistance.
You feel protected.
* * * LOW HITPOINT WARNING * * *
You feel sick. The ogre is struck by your spines. The ogre misses you.
It was a potion of degeneration.
There was something very wrong with that liquid.
You feel weakened.
You feel dopey.
You feel clumsy.
You die...
Xom thinks this is hilarious!

#.# #.# #.# #.###.###.#
##.# #.###.######.# #.#
#.# ...# #........#...#
#.# #.# ####
#..#####.#.### #.# #.#
######..# #.#.# #.# #.#
........# #...# #.# #.#
#####...# #.### #.###.#
#...#####.#######.....#
###
#..........O@.....#####
..# #..##############.#
#.# #..# #.# #.# #..#
######.# #.# #..#
#......# #.# #..#
#.###### #.#
#..#########.# #.#
#............# #.#
##....########


You could see an ogre.

Vanquished Creatures
  Sigmund (D:2)
  A howler monkey (D:2)
  Crazy Yiuf (D:2)
  A worker ant (D:3)
  2 adders
  2 oozes
  An adder skeleton (D:4)
  A worm (D:2)
  A dart slug (D:2)
  A leopard gecko (D:1)
  A ball python (D:2)
  10 bats
  3 giant cockroaches
  5 hobgoblins
  9 jackals
  A quokka (D:3)
  3 frilled lizards
  5 goblins
  6 kobolds
  A quokka skeleton (D:4)
  3 rats
59 creatures vanquished.

Vanquished Creatures (collateral kills)
  2 dart slugs (D:2)
2 creatures vanquished.

Vanquished Creatures (others)
  A frilled lizard (D:3)
1 creature vanquished.

Grand Total: 62 creatures vanquished

Notes
Turn   | Place    | Note
-------+----------+-------------------------------------------
     0 | D:1      | HASTUR3 the Demonspawn Chaos Knight began the quest for the
                  | Orb.
     0 | D:1      | Reached XP level 1. HP: 18/18 MP: 1/1
   105 | D:1      | Reached skill level 1 in Dodging
   202 | D:1      | Gained mutation: You have a pair of small antennae on your
                  | head. [demonic ancestry]
   202 | D:1      | Reached XP level 2. HP: 16/24 MP: 2/2
   559 | D:1      | XOM: harmless Hex miscast
   623 | D:1      | XOM: silly message
   816 | D:1      | XOM: harmless Conj miscast
   979 | D:2      | Noticed a howler monkey
   991 | D:2      | Killed a howler monkey
   991 | D:2      | Gained mutation: You have a pair of antennae on your head.
                  | [demonic ancestry]
   991 | D:2      | Reached XP level 3. HP: 22/29 MP: 3/3
  1163 | D:2      | XOM: divination: magic mapping
  1178 | D:2      | XOM: harmless Fire miscast
  1185 | D:2      | XOM: harmless Fire miscast
  1268 | D:2      | Gained mutation: You are partially covered in sharp spines.
                  | [demonic ancestry]
  1268 | D:2      | Reached XP level 4. HP: 20/35 MP: 4/4
  1284 | D:2      | XOM: 2-stop teleportation journey
  1334 | D:2      | Noticed Sigmund
  1338 | D:2      | XOM: summons friendly iron imp
  1371 | D:2      | HP: 1/54 [something (6)]
  1373 | D:2      | Killed Sigmund
  1373 | D:2      | Reached skill level 4 in Fighting
  1373 | D:2      | Gained mutation: You have large cloven feet. [demonic
                  | ancestry]
  1373 | D:2      | Reached XP level 5. HP: 1/42 MP: 5/5
  1456 | D:2      | XOM: give mutations
  1456 | D:2      | Gained mutation: Your mind is acute. (Int +2) [Xom's grace]
  1456 | D:2      | Gained mutation: You possess an exceptional clarity of
                  | mind. [Xom's grace]
  1456 | D:2      | Gained mutation: Your natural rate of healing is unusually
                  | fast. [Xom's grace]
  1980 | D:2      | XOM: god gift: 1830 gold pieces
  2111 | D:2      | Found a runed translucent door.
  2112 | D:2      | Noticed Crazy Yiuf
  2124 | D:2      | Killed Crazy Yiuf
  2376 | D:3      | XOM: cast spell 'Summon Ice Beast'
  2378 | D:3      | Gained mutation: You are mostly covered in sharp spines.
                  | [demonic ancestry]
  2378 | D:3      | Reached XP level 6. HP: 48/48 MP: 6/6
  2483 | D:3      | XOM: destruction
  2533 | D:3      | XOM: harmless Summ miscast
  2786 | D:3      | XOM: mild Erth miscast
  2789 | D:3      | XOM: divination: detect items
  2930 | D:4      | XOM: summons friendly quasit
  2935 | D:3      | XOM: divination: magic mapping
  2936 | D:3      | Lost mutation: You possess an exceptional clarity of mind.
                  | [potion of mutation]
  2936 | D:3      | Lost mutation: Your natural rate of healing is unusually
                  | fast. [potion of mutation]
  2936 | D:3      | Gained mutation: You are robust. (+10% HP) [potion of
                  | mutation]
  2936 | D:3      | Gained mutation: Your flesh is cold resistant. (rC+)
                  | [potion of mutation]
  2937 | D:3      | HP: 2/52 [poisoned by a worker ant]
  2939 | D:3      | Succumbed to a worker ant's poison

Skill      XL: |  1  2  3  4 |
---------------+-------------+-----
Dodging        | 1 2 |  2.8
Armour         | 2 3 |  3.2
Unarmed Combat | 3 |  3.9
Fighting       | 4 |  4.3

Action                   |  1- 3 |  4- 6 || total
-------------------------+-------+-------++-------
Melee: Unarmed           |   123 |    80 ||   203
       Punch             |     2 |     2 ||     4
       Kick              |       |     9 ||     9
  Use: Potion            |       |     6 ||     6
       Scroll            |       |     2 ||     2
  Eat: Chunk             |     1 |     5 ||     6
Armor: Leather armour    |    29 |    10 ||    39
       Scale mail        |       |    11 ||    11
Dodge: Dodged            |    82 |    36 ||   118
